AoeStats
← rockstar_vb

Arena

509753567Analyzed
2v2 RM · 5d ago on Sep 27, 2026· 51m 53s· 4 players
Game mode
Random Map
Map size
Medium (4 player)
Population
200
Speed
Normal
Resources
Standard
Victory
Conquest
Starting age
Dark Age
Ending age
Imperial Age
RankedLock teamsTeams togetherTeam positionsShared explorationLock speedFull tech treeHidden civsTurbo modeCheats
Victory
Defeat
🇺🇸 Britons · United States
985
+13
🇦🇷 Poles · Argentina
913
+17
🇵🇪 Burmese · Peru
921
-15
🇺🇸 Turks · United States
917
-15
rockstar_vb
12:46 Feudal Age
17:02 Castle Age
16:30 Double-Bit Axe
21:39 Imperial Age
19:09 Horse Collar
20:19 Heavy Plow
25:29 Wheelbarrow
25:08 Bow Saw
26:04 Padded Archer Armor
28:48 Leather Archer Armor
30:28 Caravan
33:38 Forging
33:34 Scale Barding Armor
34:00 Ring Archer Armor
34:33 Bloodlines
34:24 Husbandry
35:42 Iron Casting
37:50 Chain Barding Armor
42:07 Thumb Ring
47:12 Ring Archer Armor
47:44 Blast Furnace
48:16 Hand Cart
SunTzu_Player
9:50 Feudal Age
17:23 Castle Age
17:14 Stone Mining
17:05 Horse Collar
19:29 Loom
24:09 Heavy Plow
29:38 Imperial Age
29:15 Ballistics
28:36 Treadmill Crane
30:14 Light Cavalry
31:05 Bloodlines
32:10 Hussar
33:49 Scale Barding Armor
34:51 Chemistry
35:33 Crop Rotation
35:08 Fletching
36:17 Manipur Cavalry
43:50 Elite Arambai
45:20 Masonry
45:15 Siege Engineers
45:21 Fortified Wall
45:33 Chain Barding Armor
45:08 Bodkin Arrow
46:34 Caravan
50:04 Gold Mining
Rocky
10:25 Feudal Age
15:12 Castle Age
13:29 Loom
16:22 Double-Bit Axe
16:20 Horse Collar
16:34 Gold Mining
16:35 Stone Mining
17:51 Wheelbarrow
22:32 Town Watch
22:30 Elite Skirmisher
23:40 Fletching
23:52 Padded Archer Armor
24:14 Pikeman
25:47 Heavy Plow
26:58 Bow Saw
26:51 Bodkin Arrow
27:12 Leather Archer Armor
27:53 Hand Cart
29:54 Scale Mail Armor
30:06 Forging
33:09 Imperial Age
33:49 Squires
33:36 Arson
34:41 Gold Shaft Mining
33:54 Elite Longbowman
36:45 Chemistry
35:47 Bracer
36:40 Conscription
37:07 Yeomen
37:47 Ballistics
37:15 Halberdier
39:49 Masonry
40:04 Town Patrol
41:30 Chain Mail Armor
41:46 Ring Archer Armor
41:52 Iron Casting
42:14 Architecture
44:24 Murder Holes
48:06 Hoardings
47:14 Treadmill Crane
48:28 Plate Mail Armor
48:59 Blast Furnace
49:56 Scale Barding Armor
51:19 Two-Man Saw
52:02 Siege Engineers
zeta27
10:33 Feudal Age
11:05 Double-Bit Axe
11:02 Horse Collar
14:08 Wheelbarrow
16:39 Castle Age
17:09 Bloodlines
17:21 Loom
17:48 Bow Saw
17:40 Heavy Plow
17:49 Heavy Plow
18:08 Light Cavalry
20:43 Husbandry
20:50 Scale Barding Armor
21:31 Heavy Plow
22:53 Stone Mining
24:46 Town Watch
25:49 Gold Mining
32:04 Szlachta Privileges
33:59 Stone Shaft Mining
34:20 Chain Barding Armor
34:11 Forging
35:22 Hand Cart
35:40 Elite Skirmisher
36:26 Thumb Ring
37:50 Iron Casting
39:21 Ballistics
42:04 Fletching
45:43 Imperial Age
44:07 Bodkin Arrow
45:48 Cavalier
47:32 Blast Furnace
47:37 Chemistry
46:49 Masonry
48:07 Treadmill Crane
48:34 Bracer
49:27 Lechitic Legacy
49:44 Hoardings
49:32 Guard Tower
51:16 Padded Archer Armor
Connection lost

Rejoining the realm…

Still unreachable

The connection could not be restored.

Session expired

The server has moved on; the page needs a fresh start.